 Dungeon Crawl Stone Soup version 0.30-a0-172-gc5509c9e31 (webtiles) character file.

Game seed: 9258587782159846530

3848 Zonian the Covert (level 10, -5/53 HPs)
             Began as a Vine Stalker Brigand on Oct 1, 2022.
             Was a Believer of Uskayaw.
             Slain by an orc warrior
             ... wielding a +0 glaive
              (15 damage)
             ... in a bailey.
             The game lasted 00:18:17 (8251 turns).

Zonian the Covert (Vine Stalker Brigand)            Turns: 8251, Time: 00:18:17

Health: -5/53      AC: 14    Str: 13    XL:     10   Next: 18%
Magic:  0/11       EV: 10    Int: 16    God:    Uskayaw [**....]
Gold:   283        SH:  6    Dex: 21    Spells: 9/9 levels left

rFire   x . .      SeeInvis .    t - +5 short sword (venom)
rCold   + . .      Faith    .    B - +0 buckler
rNeg    + . .      Spirit   +    C - +4 ring mail of Thoughtfulness {Drain rN+ Int+5}
rPois   .          Reflect  .    k - +0 helmet
rElec   .          Harm     .    w - +0 cloak
rCorr   .          Rampage  .    q - +0 pair of gloves
Will    +....                    g - +1 pair of boots
Stlth   ++........               (no amulet)
HPRegen 1.08/turn                h - ring of ice
MPRegen 0.12/turn                (no ring)

@: about to teleport, hasted, studying Armour, slow
A: fangs 3, regeneration 1, magic shield, antimagic bite, no potion heal 2
a: Renounce Religion, Stomp, Line Pass


You were in a bailey.
You worshipped Uskayaw.
Uskayaw was noncommittal.
You visited 2 branches of the dungeon, and saw 8 of its levels.
You also visited: Bailey.

You collected 283 gold pieces.

Inventory:

Hand Weapons
 a - a +2 dagger
 t - a +5 short sword of venom (weapon)
 E - a +4 short sword
 G - a +0 arbalest
Missiles
 d - 9 poisoned darts (quivered)
 p - 4 boomerangs
 s - 4 atropa-tipped darts
 z - 4 javelins
Armour
 b - a +0 robe
 c - a +0 cloak
 g - a +1 pair of boots (worn)
 k - a +0 helmet (worn)
 q - a +0 pair of gloves (worn)
 w - a +0 cloak (worn)
 B - a +0 buckler (worn)
 C - the +4 ring mail of Thoughtfulness (worn) {Drain rN+ Int+5}
   (You found it on level 6 of the Dungeon)

   Int:       It affects your intelligence (+5).
   rN:        It protects you from negative energy.
   Drain:     It drains your maximum health when unequipped.
Jewellery
 h - a ring of ice (left hand)
Wands
 v - a wand of flame (15)
Scrolls
 o - a scroll of teleportation
 D - 3 scrolls of magic mapping
Potions
 i - 3 potions of curing
 l - a potion of cancellation {unknown}
 n - a potion of ambrosia
 r - a potion of lignification {unknown}
 u - a potion of invisibility {unknown}
 A - a potion of haste
 F - a potion of attraction


   Skills:
 + Level 6.9 Fighting
 + Level 6.9 Short Blades
 - Level 5.1 Throwing
 - Level 1.7 Dodging
 + Level 10.6 Stealth
 + Level 3.4 Shields


You had 9 spell levels left.
You didn't know any spells.
Your spell library contained the following spells:

 Spells                   Type           Power      Damage    Failure   Level
 Apportation              Tloc           0%         N/A       58%         1
 Necrotise                Necr           0%         1d4       58%         1
 Slow                     Hex            0%         N/A       58%         1
 Summon Small Mammal      Summ           0%         N/A       58%         1
 Ensorcelled Hibernation  Hex/Ice        0%         N/A       73%         2
 Passwall                 Tmut/Erth      0%         N/A       73%         2
 Confusing Touch          Hex            0%         N/A       91%         3
 Swiftness                Air            0%         N/A       91%         3
 Vampiric Draining        Necr           0%         2d6       91%         3


Dungeon Overview and Level Annotations

Branches:
Dungeon (7/15)             Temple (1/1) D:4          Bailey (1/1)

Altars:
Cheibriados
Dithmenos
Elyvilon
Fedhas
Gozag
Hepliaklqana
Kikubaaqudgha
Makhleb
Okawaru
Ru
Sif Muna
Trog
Uskayaw
Wu Jian
Xom
Yredelemnul
Zin
The Shining One

Annotations:
D:3 2 runed translucent doors, Lemondrips's ghost, amateur OpEn
D:4 1 transporter, Zonian's ghost, amateur VSBr


Innate Abilities, Weirdness & Mutations

You have razor-sharp teeth.
Your natural rate of healing is unusually fast.
When hurt, damage is shared between your health and your magic reserves.
Your bite disrupts and absorbs the magic of your enemies.
Potions cannot restore your health.


Message History

The orc warrior struggles against the net.
The net rips apart, and the orc warrior comes free!
Your unstable footing causes you to fumble your attack.
Your unstable footing causes you to fumble your attack.
The orc knight hits you with a +0 glaive.
* * * LOW HITPOINT WARNING * * *
As you read the scroll of teleportation, it crumbles to dust.
You feel strangely unstable.
Your unstable footing causes you to fumble your attack.
The orc knight barely misses you. The orc warrior barely misses you.
You strike the helpless orc knight from behind!
You impale the orc knight!!
The orc knight looks as sick as possible!
The orc knight is almost dead.
Your unstable footing causes you to fumble your attack.
You block the orc knight's attack.
The orc warrior hits you from afar with a +0 glaive!
* * * LOW HITPOINT WARNING * * *
Your unstable footing causes you to fumble your attack.
The orc warrior closely misses you.
You barely miss the orc knight.
The orc knight is almost dead.
The orc warrior hits you but does no damage.
You strike the helpless orc knight from behind!
You impale the orc knight!!
You kill the orc knight!
You hear a splash. x2
The orc warrior barely misses you.
You can now pass through a line of other dancers.
You don't have any such object.
Evoke which item? (* to show all) (? for menu, Esc to quit)
Okay, then.
Aiming: Throw Flame
Press: ? - help, Shift-Dir - straight line, f - orc warrior
Aim: an orc warrior, wielding a +0 glaive and wearing a +0 chain mail (heavily wounded, strong, very poisoned, 64% to hit)
The puff of flame hits the orc warrior.
The orc warrior is heavily wounded.
The orc warrior looks more healthy.
The orc warrior hits you from afar with a +0 glaive!
You die...

........................... ..
≈≈≈≈~~~~~~~~~~~~~~~~~≈≈≈≈ ... ≈
###≈≈~~~~~~~~~~~~~~~≈≈### ....
≈##.##≈~~~~~~~~~~~~~~~≈##.##≈....
≈#....~~~~)~~~~~~~~~~~~....#≈....
≈##.∩#≈~~~~)~~~~~~~~~~≈#∩.##≈....
≈≈#.##≈~~~~#######~~~~≈##.#≈≈....
~≈≈)≈≈≈~)~~##~~~~##~~~≈≈≈~≈≈~....
~~))~~~~~)~##~~)@!##~~~~~~~~~....
~~~~~~~~~~~##'o'#~~##~~~~~~~~....
~~~~~~~##~~##∩oo##~~#~~~~~~~~....
~~~~~~~##~####'####~##~~~~~~~....
)~~~~~~##~')#.( #)'~##~~~~~~~....
~~~~~~~##~###.8 ###~##~~~~~~~....
~~~~~~~##~')#?. #.'~##~~~~~~~....
~~~~~~~##~#########~##~~~~~~~....
~~~~~~~~#~~##)#)##~~#~~~~~~~~....


You could see 2 orc warriors and an orc (strong).

Vanquished Creatures
  An orc knight (Bailey)
  Sigmund (D:3)
  A water moccasin (D:6)
  An ice beast (D:5)
  8 orc warriors (Bailey)
  A sky beast (D:6)
  4 ogres
  A centaur (D:7)
  A phantom (D:4)
  A kobold brigand (D:7)
  3 bullfrogs
  A necrophage (D:6)
  3 scorpions
  4 wights
  2 howler monkeys
  A jelly (D:5)
  4 orc priests
  Crazy Yiuf (D:5)
  2 hounds
  5 iguanas
  6 orc wizards
  Natasha (thrice) (D:2)
  4 gnolls (D:7)
  9 adders
  A shadow imp (D:6)
  A white imp (D:7)
  A worm (D:3)
  3 dart slugs
  34 orcs
  9 endoplasms
  A giant cockroach (D:3)
  4 hobgoblins
  10 quokkas
  9 ball pythons
  3 bats
  4 frilled lizards
  10 goblins
  11 kobolds
  3 rats
172 creatures vanquished.

Vanquished Creatures (collateral kills)
  A scorpion (D:5)
1 creature vanquished.

Grand Total: 173 creatures vanquished

Notes
Turn   | Place    | Note
-------+----------+-------------------------------------------
     0 | D:1      | Zonian the Vine Stalker Brigand began the quest for the
                  | Orb.
     0 | D:1      | Reached XP level 1. HP: 11/11 MP: 2/2
   173 | D:1      | Reached skill level 1 in Dodging
   173 | D:1      | Reached XP level 2. HP: 9/15 MP: 3/3
   177 | D:1      | Reached skill level 5 in Stealth
   256 | D:1      | You fall into a shaft and drop 1 floor!
   511 | D:1      | Found a faded altar of an unknown god.
   529 | D:1      | Reached XP level 3. HP: 15/18 MP: 4/4
   905 | D:2      | Noticed Natasha
   911 | D:2      | Killed Natasha
   966 | D:2      | Gained mutation: Your natural rate of healing is unusually
                  | fast. [Vine Stalker growth]
   966 | D:2      | Reached XP level 4. HP: 23/23 MP: 3/5
   997 | D:2      | Noticed Natasha
  1006 | D:2      | Killed Natasha
  1266 | D:2      | Found a shimmering blue altar of Sif Muna.
  1266 | D:2      | Noticed Natasha
  1278 | D:2      | Killed Natasha
  1302 | D:2      | Reached XP level 5. HP: 27/27 MP: 4/6
  2191 | D:3      | Found a large runed translucent door.
  2192 | D:3      | Found a large runed translucent door.
  2193 | D:3      | Noticed Lemondrips's ghost (amateur OpEn)
  2338 | D:3      | Noticed Sigmund
  2344 | D:3      | Killed Sigmund
  2345 | D:3      | Reached skill level 6 in Stealth
  2345 | D:3      | Reached XP level 6. HP: 32/32 MP: 7/7
  2832 | D:4      | Reached XP level 7. HP: 23/36 MP: 6/8
  3000 | D:4      | Found a transporter.
  3000 | D:4      | Noticed Zonian's ghost (amateur VSBr)
  3267 | D:4      | Found a staircase to the Ecumenical Temple.
  3310 | Temple   | Entered the Ecumenical Temple
  3366 | Temple   | Became a worshipper of Uskayaw the Reveller
  3444 | D:4      | Reached * piety under Uskayaw
  3888 | D:5      | Entered Level 5 of the Dungeon
  3909 | D:5      | Reached ** piety under Uskayaw
  3939 | D:5      | Reached skill level 7 in Stealth
  4105 | D:5      | Gained mutation: You have razor-sharp teeth. [Vine Stalker
                  | growth]
  4105 | D:5      | Reached XP level 8. HP: 42/42 MP: 9/9
  4164 | D:4      | Reached *** piety under Uskayaw
  4387 | D:5      | Found a runed translucent door.
  4388 | D:5      | Noticed Crazy Yiuf
  4397 | D:5      | Killed Crazy Yiuf
  4754 | D:5      | Reached **** piety under Uskayaw
  4759 | D:5      | Reached skill level 8 in Stealth
  4766 | D:5      | Reached ***** piety under Uskayaw
  5322 | D:6      | Reached skill level 5 in Fighting
  5331 | D:6      | Reached skill level 5 in Short Blades
  5331 | D:6      | Reached skill level 5 in Throwing
  5426 | D:6      | Reached XP level 9. HP: 47/47 MP: 10/10
  5498 | D:6      | Reached skill level 9 in Stealth
  5808 | D:6      | Identified the +4 ring mail of Thoughtfulness {Drain rN+
                  | Int+5}
  6082 | D:6      | Found a bloodstained altar of Trog.
  6090 | D:6      | Found a hazy altar of Hepliaklqana.
  6415 | D:7      | Reached skill level 1 in Shields
  6503 | D:7      | Found a flagged portal.
  6514 | Bailey   | Entered a bailey
  7200 | Bailey   | Reached skill level 10 in Stealth
  7489 | Bailey   | Reached XP level 10. HP: 23/53 MP: 3/11
  8225 | Bailey   | Noticed an orc knight
  8250 | Bailey   | Killed an orc knight
  8251 | Bailey   | Slain by an orc warrior

Illustrated notes

Levels and vault maps discovered:
D:1:      kilobyte_arrival_exit_the_forest, layout_rooms,
          ebering_ecumenical_altar_petrified
D:2:      layout_basic, basic_altar, chequers_hall_statues_corner_a,
          minmay_tromino_v4_c, uniq_natasha
D:3:      layout_loops_ring, ebering_ghost_disaster_area, uniq_sigmund
D:4:      layout_loops_corners, minmay_temple_entry_mist,
          gammafunk_ghost_mausoleum
D:5:      layout_basic, dk_rats_in_the_wall, uniq_crazy_yiuf_cottage
D:6:      mumra_celtic_spiral_tile, layout_cave_pools,
          amethyst_overflow_temple_binary
D:7:      cheibrodos_barr_body, layout_basic, enter_bailey_3, serial_shops,
          nicolae_stop_n_shop_1, kennysheep_generic_room_14
Temple:   compressed_dpeg_triangle_lava_temple
Bailey:   bailey_polearm_2, bailey

Skill      XL: |  1  2  3  4  5  6  7  8  9 10 |
---------------+-------------------------------+-----
Dodging        | 1 |  1.7
Stealth        | 5 6 7 8 10 | 10.6
Fighting       | 2 3 4 5 6 |  6.9
Short Blades   | 2 3 4 5 6 |  6.9
Throwing       | 2 3 4 5 |  5.1
Shields        | 2 3 |  3.4

Action                   |  1- 3 |  4- 6 |  7- 9 | 10-12 || total
-------------------------+-------+-------+-------+-------++-------
Melee: Dagger            |    66 |    42 |       |       ||   108
       Bite              |    10 |    24 |   107 |    12 ||   153
       Punch             |       |     1 |     5 |       ||     6
       Short sword       |       |    34 |   313 |    30 ||   377
Throw: Dart              |    15 |     5 |    61 |     2 ||    83
       Throwing net      |       |     1 |     2 |     2 ||     5
Invok: Line Pass         |       |       |     1 |       ||     1
Evoke: Wand              |       |       |     2 |     1 ||     3
  Use: Scroll            |     2 |     4 |    10 |     5 ||    21
       Potion            |       |       |     1 |     1 ||     2
 Stab: Sleeping          |     6 |    10 |    14 |     1 ||    31
       Held in net/web   |       |     1 |     1 |       ||     2
       Distracted        |       |     1 |       |       ||     1
       Paralysed         |       |       |     9 |       ||     9
       Invisible         |       |       |       |     2 ||     2
Armor: Robe              |    16 |     6 |    26 |       ||    48
       Ring mail         |       |       |    43 |     3 ||    46
Dodge: Dodged            |    23 |    22 |   117 |    10 ||   172
Block: Buckler           |       |       |    38 |     7 ||    45

Table legend: (Time is in decaauts)
 A = Elapsed time spent in this place.
 B = Non-inter-level travel time spent in this place.
 C = Inter-level travel time spent in this place.
 D = Time resting spent in this place.
 E = Time spent auto-exploring this place.
 F = Levels seen in this place.
 G = Mean time per level.
                   A        B        C        D        E       F      G
               +--------+--------+--------+--------+--------+-----+--------+
         Total |   8239 |   8016 |    223 |   2438 |   3683 |   9 |  915.4 |
       Dungeon |   6377 |   6163 |    214 |   1122 |   3642 |   7 |  911.0 |
        Temple |     65 |     56 |      9 |      0 |     41 |   1 |   65.0 |
        Bailey |   1796 |   1796 |      0 |   1315 |      0 |   1 | 1796.0 |
               +--------+--------+--------+--------+--------+-----+--------+

Top non-repeatable levels by time:
  Bailey: 1796 daAuts
     D:4: 1550 daAuts
     D:6: 1064 daAuts
     D:3: 1023 daAuts
     D:2: 1001 daAuts
     D:5: 896 daAuts
     D:1: 697 daAuts
     D:7: 143 daAuts
  Temple: 65 daAuts
